 Dungeon Crawl Stone Soup version 0.21-a0-338-g36cf2fc (webtiles) character file.

1052 kroki the Charmwright (level 8, 0/63 HPs)
             Began as a Gnoll Skald on Oct 3, 2017.
             Was an Initiate of Gozag.
             Slain by Grinder (1 damage)
             ... on level 6 of the Dungeon on Oct 4, 2017.
             The game lasted 00:03:46 (6342 turns).

kroki the Charmwright (Gnoll Skald)                 Turns: 6342, Time: 00:03:47

Health: 0/63       AC:  7    Str: 17    XL:     8   Next: 26%
Magic:  16/16      EV: 12    Int: 15    God:    Gozag
Gold:   609        SH:  4    Dex: 14    Spells: 7/18 levels left

rFire    . . .     SeeInvis .   j - +2 whip (venom)
rCold    . . .     Gourm    .   (no shield)
rNeg     . . .     Faith    .   u - +0 scale mail
rPois    .         Spirit   .   (no helmet)
rElec    .         Reflect  +   (no cloak)
rCorr    .         Harm     .   (no gloves)
MR       .....                  (no boots)
Stlth    +.........             A - +4 amulet of reflection
HPRegen  0.20/turn              (no ring)
MPRegen  0.15/turn              (no ring)

@: gold aura
A: distributed training, fangs 1, strong nose
a: Potion Petition, Call Merchant, Bribe Branch, Renounce Religion


You were on level 6 of the Dungeon.
You worshipped Gozag.
Gozag was pleased with you.
You were not hungry.

You visited 1 branch of the dungeon, and saw 6 of its levels.

You collected 642 gold pieces.
You paid 33 gold pieces to Gozag.

Inventory:

Hand Weapons
 a - a +0 spear
 j - a +2 whip of venom (weapon)
   (You found it on level 2 of the Dungeon)
 k - a +1 flail of protection
   (You took it off a gnoll on level 1 of the Dungeon)
Missiles
 w - 3 curare-tipped needles
Armour
 b - a +0 leather armour
 u - a +0 scale mail (worn)
   (You found it on level 2 of the Dungeon)
Jewellery
 A - a +4 amulet of reflection (around neck)
   (You found it on level 3 of the Dungeon)
Scrolls
 g - a scroll of fog {unknown}
 h - 2 scrolls of enchant weapon {unknown}
 i - 3 scrolls of remove curse {unknown}
 n - 2 scrolls of recharging {unknown}
 o - 2 scrolls of amnesia {unknown}
 r - 4 scrolls of teleportation
 t - 2 scrolls of noise {unknown}
 y - a scroll of random uselessness {unknown}
 B - a scroll of immolation {unknown}
 D - a scroll of fear {unknown}
 G - a scroll of blinking {unknown}
 J - a scroll of identify
Potions
 e - a potion of agility {unknown}
 l - 2 potions of flight
 m - a potion of brilliance {unknown}
 q - a potion of lignification {unknown}
 s - 2 potions of haste
 v - 2 potions of curing
 x - a potion of magic {unknown}
 z - 2 potions of heal wounds {unknown}
 E - a potion of mutation {unknown}
 F - 2 potions of cancellation {unknown}
Books
 c - a book of Battle
 I - a book of Geomancy
   (You found it on level 5 of the Dungeon)
 K - a book of Maledictions
   (You found it on level 5 of the Dungeon)
Comestibles
 d - 2 bread rations {@e1}
 f - 7 fruits
 p - 4 royal jellies
 C - 2 meat rations {@e2}


   Skills:
 + Level 5.5 Fighting
 + Level 3.0 Short Blades
 + Level 3.0 Long Blades
 + Level 3.0 Axes
 + Level 3.0 Maces & Flails
 + Level 5.5 Polearms
 + Level 3.0 Staves
 + Level 3.0 Slings
 + Level 3.0 Bows
 + Level 3.0 Crossbows
 + Level 3.0 Throwing
 + Level 4.0 Armour
 + Level 5.5 Dodging
 + Level 3.0 Stealth
   Level 0.0 Stabbing
 + Level 3.0 Shields
   Level 0.0 Traps
 + Level 3.0 Unarmed Combat
 + Level 5.9 Spellcasting
 + Level 3.0 Conjurations
 + Level 3.0 Hexes
 + Level 7.3 Charms
 + Level 3.0 Summonings
 + Level 3.0 Necromancy
 + Level 3.0 Translocations
 + Level 3.0 Transmutations
 + Level 3.0 Fire Magic
 + Level 3.0 Ice Magic
 + Level 3.0 Air Magic
 + Level 3.0 Earth Magic
 + Level 3.0 Poison Magic
 + Level 3.0 Invocations
 + Level 3.0 Evocations


You had 7 spell levels left.
You knew the following spells:

 Your Spells              Type           Power        Failure   Level  Hunger
a - Infusion              Chrm           ####         2%          1    None
r - Regeneration          Chrm/Necr      ###.......   17%         3    ###....
s - Shroud of Golubria    Chrm/Tloc      ###.......   9%          2    #......
z - Spectral Weapon       Hex/Chrm       ###.....     17%         3    ###....
S - Song of Slaying       Chrm           ####....     3%          2    #......


Dungeon Overview and Level Annotations

Branches:
Dungeon (6/15)             Temple (0/1) D:4

Altars:
Ashenzari
Gozag
Kikubaaqudgha
Ru
The Shining One

Shops:
D:4 *

Annotations:
D:6 Grinder


Innate Abilities, Weirdness & Mutations

Your experience applies equally to all skills.
You have very sharp teeth.
Your uncanny sense of smell can sniff out nearby items.


Message History

The javelin barely misses the worker ant zombie.
The orc wizard moves out of view.
An orc warrior comes into view. It is wielding a halberd.
There are monsters nearby!
Aim: a worker ant zombie You throw a javelin.
The javelin barely misses the worker ant zombie.
The javelin closely misses the orc warrior.
The orc warrior shouts!
An orc priest comes into view.
There are monsters nearby!
There are monsters nearby! 2 orcs come into view.
An orc is wielding a mace of holy wrath.
There are monsters nearby!
You barely miss the worker ant zombie.
The orc shouts!
The orc priest invokes the aid of Beogh against you.
Beogh smites you!
You block the worker ant zombie's attack.
The orc moves out of view.
There are monsters nearby!
You hit the worker ant zombie but do no damage.
You bite the worker ant zombie, but do no damage.
The worker ant zombie bites you but does no damage.
You block the howler monkey skeleton's attack.
You take 12 damage, and have 51/63 hp.
There are monsters nearby!
You whack the worker ant zombie!
You bite the worker ant zombie, but do no damage.
The orc warrior misses you.
You block the worker ant zombie's attack.
The howler monkey skeleton barely misses you.
There are monsters nearby!
You hit the worker ant zombie.
The worker ant zombie bites you but does no damage.
The orc warrior closely misses you.
The howler monkey skeleton barely misses you.
There are monsters nearby!
You barely miss the worker ant zombie.
The orc priest miscasts a cantrip.
The worker ant zombie barely misses you.
The howler monkey skeleton closely misses you.
The orc warrior misses you.
There are monsters nearby!
You hit the worker ant zombie but do no damage.
The orc priest mumbles some strange prayers to Beogh against you.
Beogh smites you!
The worker ant zombie barely misses you.
The howler monkey skeleton hits you but does no damage.
There are monsters nearby!
You are too injured to fight recklessly!
There are monsters nearby!
You are too injured to fight recklessly!
You take 14 damage, and have 37/63 hp.
MASSIVE DAMAGE!!
As you read the scroll of teleportation, it crumbles to dust.
You feel strangely unstable.
The orc warrior hits you from afar with a halberd!!
* * * LOW HITPOINT WARNING * * *
The worker ant zombie bites you.
* * * LOW HITPOINT WARNING * * *
The howler monkey skeleton hits you but does no damage.
You take 22 damage, and have 15/63 hp.
MASSIVE DAMAGE!!
You block the orc warrior's attack.
The worker ant zombie barely misses you.
The howler monkey skeleton barely misses you.
Your surroundings suddenly seem different.
A scorpion comes into view.
Unknown command.
Welcome back, kroki the Gnoll Skald.
Gozag says: Greed is good.
You don't know that spell.
Unknown command.
Grinder comes into view.
Grinder shouts!
Something shouts, "Run away, thou fulsome weather-bitten flap-bat!"
Grinder gestures at you. Pain shoots through your body!
* * * LOW HITPOINT WARNING * * *
The scorpion stings you.
* * * LOW HITPOINT WARNING * * *
You take 8 damage, and have 8/63 hp.
You whack the scorpion!
The scorpion is poisoned.
Grinder gestures at you. You resist with some effort. The scorpion stings you.
* * * LOW HITPOINT WARNING * * *
You take 5 damage, and have 3/63 hp.
Your scale mail prevents you from hitting the scorpion.
The scorpion closely misses you.
Unknown command.
You kill the scorpion!
Unknown command.
Grinder barely misses you.
You hit Grinder. Grinder hits you.
* * * LOW HITPOINT WARNING * * *
You writhe in agony.
You die...
Your body crumbles into a pile of gold.

#. # .#
##...... #.
..# #...... .#
##..## ?.#....
# .. ....(.
....### #.##.
###....#
.##### .
...##....# .
....##.#.....#
∆##
......$...#
.....#..#@#
... ##..5# .∆
##.## ..# $
.... $ ∆ .####
∆ .. ..


You could see Grinder.

Vanquished Creatures
  Pikel (D:4)
  A centaur (D:5)
  A scorpion (D:6)
  A centaur zombie (D:5)
  2 orc wizards (D:5)
  A hound (D:5)
  2 worker ants (D:5)
  An iguana (D:5)
  A gnoll (D:1)
  8 adders
  A shadow imp (D:5)
  An ooze (D:4)
  An adder skeleton (D:4)
  2 dart slugs (D:1)
  3 leopard geckos
  10 orcs
  2 ball pythons
  9 bats
  2 bat zombies (D:2)
  6 giant cockroaches
  10 goblins
  5 hobgoblins
  2 jackals (D:5)
  6 quokkas
  5 frilled lizards
  5 kobolds
  A quokka skeleton (D:5)
  8 rats
  A rat zombie (D:2)
99 creatures vanquished.

Vanquished Creatures (others)
  A centaur (D:5)
  A howler monkey skeleton (D:4)
  A ball python (D:4)
3 creatures vanquished.

Grand Total: 102 creatures vanquished

Notes
Turn   | Place    | Note
-------+----------+-------------------------------------------
     0 | D:1      | kroki the Gnoll Skald began the quest for the Orb.
     0 | D:1      | Reached XP level 1. HP: 20/20 MP: 6/6
   223 | D:1      | Reached XP level 2. HP: 18/26 MP: 7/7
   633 | D:1      | HP: 6/26 [gnoll/flail of protection (10)]
   639 | D:1      | Reached skill level 5 in Spellcasting
   639 | D:1      | Reached XP level 3. HP: 7/31 MP: 3/9
  1501 | D:1      | Learned a level 3 spell: Regeneration
  1505 | D:1      | Learned a level 3 spell: Spectral Weapon
  1508 | D:1      | Learned a level 2 spell: Shroud of Golubria
  1511 | D:1      | Learned a level 2 spell: Song of Slaying
  1565 | D:2      | Found a sacrificial altar of Ru.
  1678 | D:2      | Found an opulent altar of Gozag.
  1917 | D:2      | Reached skill level 1 in Short Blades
  1917 | D:2      | Reached skill level 1 in Long Blades
  1917 | D:2      | Reached skill level 1 in Axes
  1917 | D:2      | Reached skill level 1 in Maces & Flails
  1917 | D:2      | Reached skill level 1 in Staves
  1917 | D:2      | Reached skill level 1 in Slings
  1917 | D:2      | Reached skill level 1 in Bows
  1917 | D:2      | Reached skill level 1 in Crossbows
  1917 | D:2      | Reached skill level 1 in Throwing
  1917 | D:2      | Reached skill level 1 in Stealth
  1917 | D:2      | Reached skill level 1 in Shields
  1917 | D:2      | Reached skill level 1 in Unarmed Combat
  1917 | D:2      | Reached skill level 1 in Conjurations
  1917 | D:2      | Reached skill level 1 in Hexes
  1917 | D:2      | Reached skill level 1 in Summonings
  1917 | D:2      | Reached skill level 1 in Necromancy
  1917 | D:2      | Reached skill level 1 in Translocations
  1917 | D:2      | Reached skill level 1 in Transmutations
  1917 | D:2      | Reached skill level 1 in Fire Magic
  1917 | D:2      | Reached skill level 1 in Ice Magic
  1917 | D:2      | Reached skill level 1 in Air Magic
  1917 | D:2      | Reached skill level 1 in Earth Magic
  1917 | D:2      | Reached skill level 1 in Poison Magic
  1917 | D:2      | Reached skill level 1 in Invocations
  1917 | D:2      | Reached skill level 1 in Evocations
  1923 | D:2      | Reached XP level 4. HP: 24/38 MP: 2/11
  2068 | D:2      | Found a faded altar of an unknown god.
  2364 | D:2      | Became a worshipper of Gozag Ym Sagoz the Greedy
  2426 | D:2      | Found an ancient bone altar of Kikubaaqudgha.
  3419 | D:4      | Reached XP level 5. HP: 38/43 MP: 12/12
  3675 | D:4      | Noticed Pikel
  3675 | D:4      | Noticed a slave
  3675 | D:4      | Noticed a slave
  3675 | D:4      | Noticed a slave
  3675 | D:4      | Noticed a slave
  3688 | D:4      | Killed Pikel
  3688 | D:4      | Reached skill level 5 in Fighting
  3688 | D:4      | Reached skill level 2 in Short Blades
  3688 | D:4      | Reached skill level 2 in Long Blades
  3688 | D:4      | Reached skill level 2 in Axes
  3688 | D:4      | Reached skill level 2 in Maces & Flails
  3688 | D:4      | Reached skill level 5 in Polearms
  3688 | D:4      | Reached skill level 2 in Staves
  3688 | D:4      | Reached skill level 2 in Slings
  3688 | D:4      | Reached skill level 2 in Bows
  3688 | D:4      | Reached skill level 2 in Crossbows
  3688 | D:4      | Reached skill level 2 in Throwing
  3688 | D:4      | Reached skill level 3 in Armour
  3688 | D:4      | Reached skill level 5 in Dodging
  3688 | D:4      | Reached skill level 2 in Stealth
  3688 | D:4      | Reached skill level 2 in Shields
  3688 | D:4      | Reached skill level 2 in Unarmed Combat
  3688 | D:4      | Reached skill level 2 in Conjurations
  3688 | D:4      | Reached skill level 2 in Hexes
  3688 | D:4      | Reached skill level 7 in Charms
  3688 | D:4      | Reached skill level 2 in Summonings
  3688 | D:4      | Reached skill level 2 in Necromancy
  3688 | D:4      | Reached skill level 2 in Translocations
  3688 | D:4      | Reached skill level 2 in Transmutations
  3688 | D:4      | Reached skill level 2 in Fire Magic
  3688 | D:4      | Reached skill level 2 in Ice Magic
  3688 | D:4      | Reached skill level 2 in Air Magic
  3688 | D:4      | Reached skill level 2 in Earth Magic
  3688 | D:4      | Reached skill level 2 in Poison Magic
  3688 | D:4      | Reached skill level 2 in Invocations
  3688 | D:4      | Reached skill level 2 in Evocations
  3688 | D:4      | Reached XP level 6. HP: 35/51 MP: 12/14
  3688 | D:4      | Reached XP level 7. HP: 38/56 MP: 12/15
  3802 | D:4      | Found Ziluem's General Store.
  3892 | D:4      | Found a glowing golden altar of the Shining One.
  3911 | D:4      | Found a staircase to the Ecumenical Temple.
  4446 | D:5      | Entered Level 5 of the Dungeon
  4468 | D:5      | HP: 14/56 [orc wizard/puff of frost (8)]
  4473 | D:5      | HP: 13/56 [poisoned by a worker ant]
  4486 | D:5      | HP: 14/56 [quokka skeleton (1)]
  4491 | D:5      | HP: 11/56 [orc/short sword (1)]
  5301 | D:5      | Reached XP level 8. HP: 58/63 MP: 16/16
  5463 | D:5      | HP: 12/63 [centaur (8)]
  5466 | D:5      | Reached skill level 4 in Armour
  5790 | D:5      | Found a shattered altar of Ashenzari.
  5943 | D:5      | Reached skill level 3 in Short Blades
  5943 | D:5      | Reached skill level 3 in Long Blades
  5943 | D:5      | Reached skill level 3 in Axes
  5943 | D:5      | Reached skill level 3 in Maces & Flails
  5943 | D:5      | Reached skill level 3 in Staves
  5943 | D:5      | Reached skill level 3 in Slings
  5943 | D:5      | Reached skill level 3 in Bows
  5943 | D:5      | Reached skill level 3 in Crossbows
  5943 | D:5      | Reached skill level 3 in Throwing
  5943 | D:5      | Reached skill level 3 in Stealth
  5943 | D:5      | Reached skill level 3 in Shields
  5943 | D:5      | Reached skill level 3 in Unarmed Combat
  5943 | D:5      | Reached skill level 3 in Conjurations
  5943 | D:5      | Reached skill level 3 in Hexes
  5943 | D:5      | Reached skill level 3 in Summonings
  5943 | D:5      | Reached skill level 3 in Necromancy
  5943 | D:5      | Reached skill level 3 in Translocations
  5943 | D:5      | Reached skill level 3 in Transmutations
  5943 | D:5      | Reached skill level 3 in Fire Magic
  5943 | D:5      | Reached skill level 3 in Ice Magic
  5943 | D:5      | Reached skill level 3 in Air Magic
  5943 | D:5      | Reached skill level 3 in Earth Magic
  5943 | D:5      | Reached skill level 3 in Poison Magic
  5943 | D:5      | Reached skill level 3 in Invocations
  5943 | D:5      | Reached skill level 3 in Evocations
  6331 | D:6      | HP: 15/63 [worker ant zombie (2)]
  6335 | D:6      | Upgraded the game from 0.21-a0-331-gfb491b4 to 0.21-a0-338-g36cf2fc
  6336 | D:6      | Noticed Grinder
  6336 | D:6      | HP: 12/63 [Grinder/nerve-wracking pain (4)]
  6337 | D:6      | HP: 3/63 [scorpion (5)]
  6342 | D:6      | HP: 1/63 [Grinder (3)]
  6342 | D:6      | Slain by Grinder

Vault maps used:
D:1:      dpeg_arrival_court, serial_co_window_serial, co_window_corner_a,
          co_window_corner_a, co_window_paths_a, co_window_paths_a,
          co_window_corner_a, co_window_of_opportunity_b, co_window_broadway_b,
          co_window_unsneaky_path_a, co_window_of_opportunity_c,
          glass_columns_b, glass_columns_a, glass_columns_c, glass_columns_b
D:2:      nicolae_gozag_seed_capital, lemuel_zombie_altar_kikubaaqudgha,
          nicolae_ru_awakened_eye, chequers_ecumenical_altar_twisty
D:4:      temple_fountains, serial_shops, nicolae_shop_waterfront,
          tso_metal_star, uniq_pikel
D:5:      overflow_temple_1_default, serial_bayou, serial_bayou_lagoon_b,
          serial_bayou_lagoon_a, serial_bayou_pond_b, serial_bayou_pond_e,
          serial_bayou_crossing, first_bread
D:6:      minivault_1, uniq_grinder, uniq_duvessa, uniq_edmund

Skill      XL: |  1  2  3  4  5  6  7  8 |
---------------+-------------------------+-----
Spellcasting   | 5 |  5.9
Short Blades   | 1 2 3 |  3.0
Long Blades    | 1 2 3 |  3.0
Axes           | 1 2 3 |  3.0
Maces & Flails | 1 2 3 |  3.0
Staves         | 1 2 3 |  3.0
Slings         | 1 2 3 |  3.0
Bows           | 1 2 3 |  3.0
Crossbows      | 1 2 3 |  3.0
Throwing       | 1 2 3 |  3.0
Stealth        | 1 2 3 |  3.0
Shields        | 1 2 3 |  3.0
Unarmed Combat | 1 2 3 |  3.0
Conjurations   | 1 2 3 |  3.0
Hexes          | 1 2 3 |  3.0
Summonings     | 1 2 3 |  3.0
Necromancy     | 1 2 3 |  3.0
Translocations | 1 2 3 |  3.0
Transmutations | 1 2 3 |  3.0
Fire Magic     | 1 2 3 |  3.0
Ice Magic      | 1 2 3 |  3.0
Air Magic      | 1 2 3 |  3.0
Earth Magic    | 1 2 3 |  3.0
Poison Magic   | 1 2 3 |  3.0
Invocations    | 1 2 3 |  3.0
Evocations     | 1 2 3 |  3.0
Fighting       | 5 |  5.5
Polearms       | 5 |  5.5
Armour         | 3 4 |  4.0
Dodging        | 5 |  5.5
Charms         | 7 |  7.3

Action                   |  1- 3 |  4- 6 |  7- 9 || total
-------------------------+-------+-------+-------++-------
Melee: Spear             |    54 |       |       ||    54
       Bite              |    10 |     9 |    12 ||    31
       Flail             |    70 |    19 |       ||    89
       Whip              |       |    58 |    98 ||   156
       Punch             |       |       |     1 ||     1
Throw: Javelin           |       |    22 |    19 ||    41
 Cast: Infusion          |     1 |       |       ||     1
       Regeneration      |     2 |       |       ||     2
       Shroud of Golubri |     1 |       |       ||     1
  Use: Scroll            |       |     4 |     1 ||     5
       Potion            |       |       |     1 ||     1
  Eat: Chunk             |     3 |     2 |       ||     5
       Bread ration      |       |     1 |     2 ||     3
Armor: Leather armour    |    35 |     5 |       ||    40
       Scale mail        |       |    22 |    33 ||    55
Dodge: Dodged            |    99 |    56 |    76 ||   231
Block: Other             |       |     2 |    19 ||    21
       Reflection        |       |       |     3 ||     3

Table legend:
 A = Spawn XP
 B = Non-spawn XP
 C = Spawn XP percentage of total XP
 D = Spawn monster count
 E = Non-spawn monster count
 F = Spawn count percentage of total count
 G = Total turns spent on level
                    A         B        C        D         E        F      G
               +---------+---------+-------+---------+---------+-------+---------
         Total |       0 |    1504 |   0.0 |       0 |     100 |   0.0 |  6342
               +---------+---------+-------+---------+---------+-------+---------
           D:1 |       0 |      57 |   0.0 |       0 |      24 |   0.0 |  1559
           D:2 |       0 |      37 |   0.0 |       0 |      17 |   0.0 |   957
           D:3 |       0 |      70 |   0.0 |       0 |      24 |   0.0 |   899
           D:4 |       0 |     693 |   0.0 |       0 |      10 |   0.0 |  1031
           D:5 |       0 |     581 |   0.0 |       0 |      24 |   0.0 |  1874
           D:6 |       0 |      66 |   0.0 |       0 |       1 |   0.0 |    22
               +---------+---------+-------+---------+---------+-------+---------

Vault maps used:
D:1:      dpeg_arrival_court, serial_co_window_serial, co_window_corner_a,
          co_window_corner_a, co_window_paths_a, co_window_paths_a,
          co_window_corner_a, co_window_of_opportunity_b, co_window_broadway_b,
          co_window_unsneaky_path_a, co_window_of_opportunity_c,
          glass_columns_b, glass_columns_a, glass_columns_c, glass_columns_b
D:2:      nicolae_gozag_seed_capital, lemuel_zombie_altar_kikubaaqudgha,
          nicolae_ru_awakened_eye, chequers_ecumenical_altar_twisty
D:4:      temple_fountains, serial_shops, nicolae_shop_waterfront,
          tso_metal_star, uniq_pikel
D:5:      overflow_temple_1_default, serial_bayou, serial_bayou_lagoon_b,
          serial_bayou_lagoon_a, serial_bayou_pond_b, serial_bayou_pond_e,
          serial_bayou_crossing, first_bread
D:6:      minivault_1, uniq_grinder, uniq_duvessa, uniq_edmund

Table legend:
 A = Turns spent in this place as a percentage of turns spent in the entire game.
 B = Non-inter-level travel turns spent in this place as a percentage of non-inter-level travel turns spent in the entire game.
 C = Inter-level travel turns spent in this place as a percentage of turns spent in this place.
 D = Turns resting spent in this place as a percentage of non-inter-level travel turns spent in this place.
 E = Turns spent auto-exploring this place as a percentage of non-inter-level travel turns spent in this place.
 F = Non-inter-level travel turns spent in this place divided by the number of levels of this place that you've seen.
                   A       B       C       D       E      F
               +-------+-------+-------+-------+-------+----------------------
         Total | 100.0 | 100.0 |   3.8 |   0.0 |  83.5 | 1017.2
       Dungeon | 100.0 | 100.0 |   3.8 |   0.0 |  83.5 | 1017.2
               +-------+-------+-------+-------+-------+----------------------

Table legend:
 A = Kills in this place as a percentage of kills in entire the game.
 B = Kills by you in this place as a percentage of kills by you in the entire game.
 C = Kills by friends in this place as a percentage of kills by friends in the entire game.
 D = Other kills in this place as a percentage of other kills in the entire game.
 E = Experience gained in this place as a percentage of experience gained in the entire game.
 F = Experience gained in this place divided by the number of levels of this place that you have seen.
                   A       B       C       D       E      F
               +-------+-------+-------+-------+-------+----------------------
         Total | 100.0 | 100.0 |   N/A | 100.0 | 100.0 | 250.7
       Dungeon | 100.0 | 100.0 |   N/A | 100.0 | 100.0 | 250.7
               +-------+-------+-------+-------+-------+----------------------
